 Dungeon Crawl Stone Soup version 0.30-a0-371-gad7725a93e (webtiles) character file.

Game seed: 4301110215055772406

83 night the Chiller (level 4, -4/39 HPs)
             Began as a Troll Ice Elementalist on Nov 20, 2022.
             Slain by an orc priest
             ... wielding a +0 club
              (5 damage)
             ... on level 3 of the Dungeon.
             The game lasted 00:03:55 (1589 turns).

night the Chiller (Troll Ice Elementalist)          Turns: 1589, Time: 00:03:56

Health: -4/39      AC:  5    Str: 14 (16) XL:     4   Next: 22%
Magic:  5/5        EV:  9    Int: 11 (13) God:
Gold:   118        SH:  0    Dex:  7 (10) Spells: 2/6 levels left

rFire   . . .      SeeInvis .      - Unarmed
rCold   . . .      Faith    .    (no shield)
rNeg    . . .      Spirit   .    a - +1 robe
rPois   .          Reflect  .    (helmet restricted)
rElec   .          Harm     .    (no cloak)
rCorr   .          Rampage  .    (gloves unavailable)
Will    +....                    (boots unavailable)
Stlth   +.........               (no amulet)
HPRegen 1.06/turn                o - ring of willpower
MPRegen 0.09/turn                (no ring)

@: no status effects
A: large, unfitting armour, claws 3, regeneration 1, shaggy fur 1, tough skin 1
a: no special abilities


You were on level 3 of the Dungeon.
You visited 1 branch of the dungeon, and saw 3 of its levels.

You collected 118 gold pieces.

Inventory:

Missiles
 c - 6 poisoned darts
 h - 32 stones
Armour
 a - a +1 robe (worn)
 e - an orb of light
Jewellery
 m - a ring of fire
 o - a ring of willpower (left claw)
 w - an amulet of faith
Wands
 z - a wand of roots (8)
Scrolls
 g - 4 scrolls of identify
 k - a scroll of blinking
 l - a scroll of magic mapping
 s - 4 scrolls of brand weapon
Potions
 b - a potion of magic
 d - a potion of haste {unknown}
 j - a potion of lignification {unknown}
 n - a potion of heal wounds {unknown}
 p - a potion of curing {unknown}
 u - a potion of mutation {unknown}
 x - a potion of attraction {unknown}


   Skills:
 - Level 1.5 Dodging
 - Level 1.0 Stealth
 + Level 2.0 Unarmed Combat
 + Level 1.9 Spellcasting
 + Level 3.4 Ice Magic


You had 2 spell levels left.
You knew the following spells:

 Your Spells              Type           Power      Damage    Failure   Level
a - Freeze                Ice            32%        1d5       7%          1
b - Frozen Ramparts       Ice            16%        1d3       22%         3

Your spell library contained the following spells:

 Spells                   Type           Power      Damage    Failure   Level
 Scorch                   Fire           2%         2d5       41%         2
 Ozocubu's Armour         Ice            8%         N/A       22%         3
 Summon Ice Beast         Ice/Summ       4%         N/A       82%         4
 Flame Wave               Conj/Fire      1%         2d4       96%         4
 Summon Cactus Giant      Summ           0%         N/A       100%        6


Dungeon Overview and Level Annotations

Branches:
Dungeon (3/15)

Altars:


Innate Abilities, Weirdness & Mutations

You are too large for most types of armour.
You have claws for hands.
Your natural rate of healing is unusually fast.
You are covered in fur. (AC +1)
You have tough skin. (AC +1)


Message History

You are too injured to fight recklessly!
You are too injured to fight recklessly!
You scratch the orc priest but do no damage.
The orc priest is lightly wounded.
The orc priest hits you with a +0 club.
* * * LOW HITPOINT WARNING * * *
Really read the scroll of poison?
The air fills with toxic fumes!
As you read the scroll of poison, it crumbles to dust.
The orc priest hits you but does no damage.
The orc priest casts a cantrip, but nothing happens.
The orc hits you but does no damage.
Okay, then.
Okay, then.
Aiming: Fastroot
Press: ? - help, Shift-Dir - straight line, f - orc
Aim: an orc, wielding a +0 flail and wearing a +0 scale mail The roots erupt in riotous growth!
Roots grab the orc.
Roots grab the orc priest. x2
The grasping roots constrict the orc.
The grasping roots constrict the orc priest. x2
You hear an angry hiss.
The orc priest casts a cantrip, but nothing happens.
The orc hits you with a +0 flail.
* * * LOW HITPOINT WARNING * * *
It was a potion of degeneration.
There was something very wrong with that liquid.
You feel weakened.
You feel dopey.
You feel clumsy.
The grasping roots constrict the orc!
You kill the orc!
The grasping roots constrict the orc priest.
The grasping roots constrict the orc priest!
The roots release their grip on the orc priest. x2
The orc priest hits you but does no damage.
You barely miss the orc priest.
The orc priest is almost dead.
The orc priest hits you with a +0 hand axe.
* * * LOW HITPOINT WARNING * * *
The orc priest hits you with a +0 club.
You die...

*** *,,,,,,,,,* #.........,,*
,,***,,,,§§§§§* #.........,,*
,,,,,,,,,§§§§§* #.........,,*
,,,,,,,,,§§§§§######.........,,**
******,,,§§§§§§§§§§#.........,,,,
,,,,,*,,*#§§§§§§§§§#.†.......,,,*
,,,,,*,,*#§§§§.§§§§##)#*,,,,,,,,*
***,,*,,*#§§§§§oo§§#§§#**,,,,,*,*
*8*,,*,,*#§§§§§§@§§§§##>**,,,,*,*
,,,,,*,,,§§§§§§§§§§§##,,,*,,,,*,*
,,,,,*©,,§§§§§§§§§§##*,*,*,,,,*,*
,,,,,*,,*§§§§§§§§§§# *,,,*,,,,,,*
*8*,,*,,*§§§§§§§§§§##**,**,,,,***
***,,*,,*§§§§§§§§§§§###+#######
,,,,,*,,*##§§§#####§§#...##...##
,,,,©*,,* ##§#* ##§§.♣.†..♣.<#
******,,* #.* ###...##...##


You could see 2 orc priests.

Vanquished Creatures
  2 adders (D:2)
  2 worms (D:2)
  A dart slug (D:3)
  2 orcs (D:3)
  3 ball pythons
  6 bats
  4 endoplasms
  2 giant cockroaches (D:2)
  A goblin (D:2)
  7 hobgoblins
  6 jackals
  3 quokkas
  2 frilled lizards
  4 kobolds
  4 rats
49 creatures vanquished.

Vanquished Creatures (others)
  7 toadstools (D:1)
7 creatures vanquished.

Grand Total: 56 creatures vanquished

Notes
Turn   | Place    | Note
-------+----------+-------------------------------------------
     0 | D:1      | night the Troll Ice Elementalist began the quest for the
                  | Orb.
     0 | D:1      | Reached XP level 1. HP: 16/16 MP: 1/1
    83 | D:1      | Reached skill level 3 in Ice Magic
   246 | D:1      | Reached XP level 2. HP: 23/24 MP: 3/3
   303 | D:1      | Reached skill level 1 in Unarmed Combat
   752 | D:2      | Reached XP level 3. HP: 27/31 MP: 0/4
   756 | D:2      | Learned a level 3 spell: Frozen Ramparts
  1474 | D:3      | Reached XP level 4. HP: 39/39 MP: 5/5
  1482 | D:3      | Reached skill level 2 in Unarmed Combat
  1587 | D:3      | HP: 2/39 [orc/+0 flail (6)]
  1589 | D:3      | Slain by an orc priest

Illustrated notes

Levels and vault maps discovered:
D:1:      nagdon_arrival_double_spiral, layout_loops_ring, minmay_3d_cube
D:2:      layout_loops_ring
D:3:      minmay_razor_zed, layout_basic, gammafunk_ghost_mausoleum,
          grunt_ministairs_5

Skill      XL: |  1  2  3  4 |
---------------+-------------+-----
Ice Magic      | 3 |  3.4
Unarmed Combat | 1 2 |  2.0
Dodging        | |  1.5
Stealth        | |  1.0
Spellcasting   | |  1.9

Action                   |  1- 3 |  4- 6 || total
-------------------------+-------+-------++-------
Melee: Unarmed           |    98 |    17 ||   115
       Punch             |     1 |       ||     1
 Cast: Freeze            |     4 |       ||     4
       Frozen Ramparts   |     1 |     2 ||     3
Evoke: Wand              |       |     1 ||     1
  Use: Scroll            |     9 |     1 ||    10
       Potion            |       |     1 ||     1
 Stab: Sleeping          |     4 |       ||     4
Armor: Robe              |    31 |     7 ||    38
Dodge: Dodged            |    40 |     2 ||    42

Table legend: (Time is in decaauts)
 A = Elapsed time spent in this place.
 B = Non-inter-level travel time spent in this place.
 C = Inter-level travel time spent in this place.
 D = Time resting spent in this place.
 E = Time spent auto-exploring this place.
 F = Levels seen in this place.
 G = Mean time per level.
                   A        B        C        D        E       F      G
               +--------+--------+--------+--------+--------+-----+--------+
         Total |   1619 |   1574 |     45 |     61 |   1169 |   3 |  539.7 |
       Dungeon |   1619 |   1574 |     45 |     61 |   1169 |   3 |  539.7 |
               +--------+--------+--------+--------+--------+-----+--------+

Top non-repeatable levels by time:
     D:1: 749 daAuts
     D:2: 725 daAuts
     D:3: 144 daAuts
